 Dungeon Crawl Stone Soup version 0.27-a0-1149-g4505690ab0 (webtiles) character file.

Game seed: 17125430561153628893

79178 agentchuck the Covert (level 15, -6/117 HPs)
             Began as a Vampire Necromancer on May 13, 2021.
             Was the Champion of Kikubaaqudgha.
             Shot with an arrow by a centaur (11 damage)
             ... led by a centaur warrior
             ... on level 14 of the Dungeon on May 14, 2021.
             The game lasted 02:45:43 (36490 turns).

agentchuck the Covert (Vampire Necromancer)        Turns: 36490, Time: 02:45:43

Health: -6/117     AC: 18    Str: 18    XL:     15   Next: 20%
Magic:  27/28      EV: 15    Int: 27    God:    Kikubaaqudgha [******]
Gold:   1665       SH:  5    Dex: 13    Spells: 8/32 levels left

rFire    + . .     SeeInvis +   s - +6 great sword "Teteysos" {flame, rF+ Will- rCorr Str+2}
rCold    + . .     Faith    .   (shield currently unavailable)
rNeg     + . .     Spirit   .   F - +3 leather armour of Pitt {rN+ Slay+3}
rPois    .         Reflect  +   Q - +1 helmet
rElec    .         Harm     .   T - +2 cloak {Will+}
rCorr    +         Rampage  .   k - +1 pair of gloves
Will     ++...                  A - +2 pair of boots
Stlth    +++++.....             G - amulet of reflection
HPRegen  0.49/turn              I - +6 ring of intelligence
MPRegen  0.21/turn              u - ring "Wuwujawk" {rC+ Will+ Str+7 Dex-3}

@: healing quickly
A: alive, fangs 3, see invisible, vampiric 2, iridescent scales 1
a: Exsanguinate, Renounce Religion, Receive Corpses, Torment, Brand Weapon With
Pain, Receive Necronomicon


You were on level 14 of the Dungeon.
You worshipped Kikubaaqudgha.
Kikubaaqudgha was exalted by your worship.
You visited 4 branches of the dungeon, and saw 23 of its levels.
You also visited: Gauntlet and Volcano.

You collected 3009 gold pieces.
You spent 1344 gold pieces at shops.


Innate Abilities, Weirdness & Mutations

Your natural rate of healing is accelerated.
You have razor-sharp teeth.
You have supernaturally acute eyesight. (SInv)
You are afflicted with vampirism and can become a bat while bloodless.
You are partially covered in iridescent scales. (AC +2)


   Skills:
 + Level 10.6 Fighting
 - Level 4.8(9.0) Short Blades
 + Level 10.7(11.0) Long Blades
 - Level 4.0 Slings
 + Level 9.6 Dodging
 - Level 13.1 Stealth
 + Level 9.4 Spellcasting
 - Level 10.1 Hexes
 + Level 12.1 Necromancy
 - Level 4.1 Air Magic
 - Level 5.4 Earth Magic
 - Level 3.0 Poison Magic
 - Level 3.0 Evocations


You had 8 spell levels left.
You knew the following spells:

 Your Spells              Type           Power      Damage    Failure   Level
b - Borgnjor's Vile Clut  Necr/Erth      28%        N/A       4%          5
c - Cause Fear            Hex            30%        N/A       1%          4
d - Animate Dead          Necr           33%        N/A       1%          4
n - Dispel Undead         Necr           67%        3d23      1%          4
p - Poisonous Vapours     Pois/Air       62%        N/A       1%          2
s - Slow                  Hex            61%        N/A       1%          2
v - Vampiric Draining     Necr           33%        2d10      1%          3

Your spell library contained the following spells:

 Spells                   Type           Power      Damage    Failure   Level
 Animate Skeleton         Necr           100%       N/A       1%          1
 Corona                   Hex            67%        N/A       1%          1
 Pain                     Necr           100%       1d9       1%          1
 Corpse Rot               Necr/Air       N/A        N/A       1%          2
 Inner Flame              Hex/Fire       40%        N/A       1%          3
 Portal Projectile        Hex/Tloc       80%        N/A       1%          3
 Agony                    Necr           67%        N/A       1%          5
 Excruciating Wounds      Necr           33%        N/A       1%          5
 Leda's Liquefaction      Hex/Erth       26%        N/A       2%          4
 Sting                    Tmut/Pois      80%        1d7       3%          1
 Freeze                   Ice            48%        1d7       5%          1
 Magic Dart               Conj           48%        1d5       5%          1
 Mephitic Cloud           Conj/Pois/Air  25%        N/A       6%          3
 Silence                  Hex/Air        25%        N/A       8%          5
 Blink                    Tloc           N/A        N/A       9%          2
 Call Imp                 Summ           12%        N/A       9%          2
 Ignite Poison            Fire/Tmut/Pois 18%        N/A       11%         3
 Conjure Flame            Conj/Fire      12%        6-21      16%         3
 Frozen Ramparts          Ice            24%        1d4       16%         3
 Ozocubu's Armour         Ice            12%        N/A       16%         3
 Olgreb's Toxic Radiance  Pois           28%        N/A       16%         4
 Metabolic Englaciation   Hex/Ice        20%        N/A       19%         5
 Summon Mana Viper        Hex/Summ       40%        N/A       19%         5
 Yara's Violent Unravell  Hex/Tmut       20%        3d9       19%         5
 Hailstorm                Conj/Ice       12%        3d5       47%         4
 Bolt of Magma            Conj/Fire/Erth 11%        4d7       56%         5
 Fireball                 Conj/Fire      6%         3d5       83%         5
 Infestation              Necr           33%        N/A       94%         8
 Discord                  Hex            30%        N/A       99%         8
 Starburst                Conj/Fire      6%         8x6d4     100%        6
 Summon Hydra             Summ           6%         N/A       100%        7
 Ignition                 Fire           6%         3d4       100%        8
 Borgnjor's Revivificati  Necr           Unusable   N/A       N/A         8
 Necromutation            Tmut/Necr      Unusable   N/A       N/A         8
 Death's Door             Necr           Unusable   N/A       N/A         9

Inventory:

Hand Weapons
 a - a +1 double sword of electrocution
 f - a +0 quick blade of flaming
 s - the +6 great sword "Teteysos" (weapon) {flame, rF+ Will- rCorr Str+2}
   (You found it on level 7 of the Dungeon)

   It has been specially enchanted to burn those struck by it, causing extra
   injury to most foes and up to half again as much damage against particularly
   susceptible opponents.
   Big, fiery blades are also staple armaments of hydra-hunters.
   It affects your strength (+2).
   It protects you from fire.
   It protects you from acid and corrosion.
   It decreases your willpower.
 w - the +7 dagger of Dishonour {vorpal, +Rage Stlth+}
   (You found it on level 9 of the Dungeon)

   It inflicts extra damage upon your enemies.
   It lets you go berserk.
   It makes you more stealthy.
Missiles
 o - 4 throwing nets {=f}
 q - 58 poisoned darts
 P - 44 boomerangs
 Y - 15 silver javelins
Armour
 k - a +1 pair of gloves (worn)
 A - a +2 pair of boots (worn)
 F - the +3 leather armour of Pitt (worn) {rN+ Slay+3}
   (You bought it in a shop on level 9 of the Dungeon)

   It affects your accuracy and damage with ranged weapons and melee attacks
   (+3).
   It protects you from negative energy.
 Q - a +1 helmet (worn)
 T - a +2 cloak of willpower (worn)
Magical Staves
 Z - a staff of conjuration {!a}
Jewellery
 u - the ring "Wuwujawk" (right hand) {rC+ Will+ Str+7 Dex-3}
   (You took it off a minotaur in a Gauntlet)

   [ring of willpower]

   It affects your strength (+7).
   It affects your dexterity (-3).
   It protects you from cold.
   It increases your willpower.
 E - a +4 ring of evasion
 G - an amulet of reflection (around neck)
 I - a +6 ring of intelligence (left hand)
 L - a ring of flight
 N - a ring of positive energy
 O - a +4 ring of protection
 W - a ring of magical power
Wands
 b - a wand of paralysis (8)
 j - a wand of iceblast (9)
 l - a wand of mindburst (10)
 x - a wand of digging (14)
 H - a wand of polymorph (14)
 K - a wand of flame (68)
 X - a wand of acid (17)
Scrolls
 i - 5 scrolls of fog
 n - 4 scrolls of amnesia
 p - 2 scrolls of vulnerability {!r}
 r - 9 scrolls of teleportation {@r4}
 t - 2 scrolls of fear
 C - 2 scrolls of blinking
 S - a scroll of summoning
 V - a scroll of magic mapping
Potions
 c - 2 potions of heal wounds {@q2}
 d - 4 potions of mutation {!q}
 g - 4 potions of might
 h - 7 potions of brilliance
 v - a potion of berserk rage {!q}
 y - 5 potions of curing {@q1}
 z - 2 potions of ambrosia
 B - 2 potions of magic
 D - 3 potions of flight
 J - 3 potions of haste {@q3}
 M - 3 potions of resistance
 U - 3 potions of invisibility
Miscellaneous
 R - a lightning rod (4/4)

Dungeon Overview and Level Annotations

Branches:
Dungeon (14/15)            Temple (1/1) D:5            Lair (6/6) D:11
  Swamp (0/4) Lair:4        Snake (0/4) Lair:2        Slime (0/5) Lair:6
    Orc (2/2) D:10            Elf (0/3) Orc:2       Volcano (visited)
Gauntlet (visited)
 Vaults: D:13-14

Altars:
Ashenzari
Cheibriados
Dithmenos
Elyvilon
Fedhas
Gozag
Kikubaaqudgha
Nemelex Xobeh
Okawaru
Qazlal
Ru
Sif Muna
Trog
Uskayaw
Vehumet
Zin
Beogh

Shops:
D:7 (   D:9 [   D:11 *   D:12 = Orc:2

*(([ .#
..........#........###....
.######...c....#..............
......#...c.................# ..
♣♣....#...c..c..............# .#
......'..............)......###.#
♣♣....#.....................#....
......#....†........##......#....
.######..(........#..............
.#.###+##...c...@.#..............
.#.....##^÷.......#..............
.#......+.........#..............
.#....###.........#..............
##...............##..............
...........#.....##..............
...........#.....##..............
.................................
................#................


You could see a centaur warrior and 4 centaurs.


Message History

The centaur shoots an arrow.
The arrow misses you.
The centaur shoots an arrow.
The arrow closely misses you.
The centaur warrior shoots an arrow.
The arrow hits you!
* * * LOW HITPOINT WARNING * * *
The centaur shoots an arrow.
The arrow hits you.
* * * LOW HITPOINT WARNING * * *
x2 The centaur shoots an arrow.
The arrow misses you.
The centaur warrior shoots an arrow.
The arrow hits you!!
* * * LOW HITPOINT WARNING * * *
The centaur shoots an arrow.
The arrow hits you but does no damage.
The centaur shoots an arrow.
You reflect the arrow off an invisible shield around you!
The arrow hits the centaur!
The centaur shoots an arrow.
The arrow misses you.
The centaur shoots an arrow.
The arrow closely misses you.
The centaur warrior shoots an arrow.
You reflect the arrow off an invisible shield around you!
The arrow hits the centaur warrior!!
There is a stone staircase leading up, spattered with blood here.
The centaur shoots an arrow.
The arrow hits you but does no damage.
The centaur shoots an arrow.
The arrow closely misses you.
The centaur shoots an arrow.
The arrow hits you.
* * * LOW HITPOINT WARNING * * *
x2 The centaur warrior shoots an arrow.
You reflect the arrow off an invisible shield around you!
The arrow hits the centaur warrior!
The centaur shoots an arrow.
The arrow hits you.
* * * LOW HITPOINT WARNING * * *
The centaur shoots an arrow.
The arrow hits you!
You die...
Kikubaaqudgha rasps: "You have failed me!
Welcome... death!"

Skill      XL: |  1  2  3  4  5  6  7  8  9 10 11 12 13 14 15 |
---------------+----------------------------------------------+-----
Stealth        | 4 5 6 7 8 9 12 13 | 13.1
Necromancy     | 5 6 7 9 10 11 12 | 12.1
Slings         | 1 2 3 4 |  4.0
Hexes          | 1 3 4 6 8 10 | 10.1
Evocations     | 2 3 |  3.0
Fighting       | 1 3 4 6 8 9 10 | 10.6
Spellcasting   | 3 4 6 7 9 |  9.4
Long Blades    | 3 4 6 7 9 10 | 10.7
Dodging        | 4 6 7 9 |  9.6
Short Blades   | 2 4 |  4.8
Air Magic      | 2 4 |  4.1
Poison Magic   | 3 |  3.0
Earth Magic    | 4 5 |  5.4

Action                   |  1- 3 |  4- 6 |  7- 9 | 10-12 | 13-15 || total
-------------------------+-------+-------+-------+-------+-------++-------
Melee: Dagger            |     1 |    11 |    35 |   134 |    33 ||   214
       Bite              |       |     1 |     3 |    37 |    73 ||   114
       Great sword       |       |       |     5 |   261 |   408 ||   674
 Fire: Hunting sling     |    36 |   187 |   191 |    44 |       ||   458
Throw: Dart              |       |     3 |    10 |       |       ||    13
       Throwing net      |       |       |     1 |       |     1 ||     2
 Cast: Pain              |    36 |    78 |    20 |     3 |       ||   137
       Vampiric Draining |       |     4 |    51 |    66 |    20 ||   141
       Slow              |       |     1 |       |       |    29 ||    30
       Cause Fear        |       |       |     1 |    31 |     4 ||    36
       Poisonous Vapours |       |       |       |   255 |   132 ||   387
       Dispel Undead     |       |       |       |    16 |    14 ||    30
       Animate Dead      |       |       |       |     4 |     1 ||     5
       Borgnjor's Vile C |       |       |       |       |    56 ||    56
Invok: Receive Corpses   |       |       |       |     5 |       ||     5
 Abil: Exsanguinate      |       |       |       |     1 |     2 ||     3
       Revivify          |       |       |       |     1 |     2 ||     3
Evoke: Wand              |       |     1 |    13 |    13 |    20 ||    47
       Lightning rod     |       |       |       |       |     3 ||     3
  Use: Scroll            |       |     2 |     8 |    12 |    10 ||    32
       Potion            |       |       |     3 |     7 |     3 ||    13
 Stab: Sleeping          |     1 |     1 |     4 |    32 |    25 ||    63
       Held in net/web   |       |       |     2 |       |       ||     2
       Distracted        |       |       |       |     1 |     1 ||     2
Armor: Robe              |     1 |    11 |       |       |       ||    12
       Leather armour    |       |    13 |    38 |   189 |   246 ||   486
Dodge: Dodged            |     3 |    47 |   107 |   397 |   405 ||   959
       Repelled          |       |       |     1 |     9 |       ||    10
Block: Other             |       |       |       |       |    68 ||    68
       Reflection        |       |       |       |       |     4 ||     4
       Rpst.: Great sword |       |       |     1 |    64 |    80 ||   145

Levels and vault maps discovered:
D:1:      dpeg_arrival_signposts, layout_rooms, minivault_23
D:2:      minmay_door_path, layout_basic, basic_altar, basic_ecumenical_altar
D:3:      minmay_razor_zed, layout_basic, nicolae_overflow_crystal_walls
D:4:      layout_layer_cave, overflow_temple_1_default
D:5:      layout_gridville, minmay_temple_entry_antechambers
D:6:      layout_rooms, minitemple, uniq_sigmund
D:7:      layout_basic, serial_shops, nicolae_shop_window_shopping
D:8:      layout_basic, elyvilon_altar_5, amcnicky_altar_gilded,
          old_standard_altar, uniq_psyche, uniq_maurice
D:9:      layout_long_grid, serial_shops,
          nicolae_shop_temple_entry_statues_fountains, uniq_grum
D:10:     layout_gridville, david_orc_3
D:11:     layout_roguey, erik_lair_orcish_takeover, serial_shops, shop,
          gauntlet_entry_generic
D:12:     layout_basic, serial_shops,
          nicolae_shop_temple_entry_statues_fountains
D:13:     layout_irregular_city, serial_rivers, chequers_serial_rivers_large_a,
          chequers_serial_rivers_micro_b, chequers_serial_rivers_room_b,
          chequers_serial_rivers_small_a, grunt_ministairs_5, fedhas_altar_2
D:14:     minmay_expanding_circles, layout_basic, david_vaults_1,
          kennysheep_minor_cross
Temple:   regret_index_temple_waves
Lair:1:   layout_chaotic_city, uniq_nergalle
Lair:2:   layout_chaotic_city, guppyfry_snake_entry_garden,
          nicolae_volcano_entry_s_turn, minmay_lair_oklob_chamber
Lair:3:   layout_cellular_growth, small_statue_intersection
Lair:4:   layout_misc_corridors, swamp_mist_pool, ebering_ghost_inner_flame,
          portal_ice_cave_entry_pillars_1, pond
Lair:5:   layout_regular_city
Lair:6:   wormcave, layout_loops_ring, hangedman_lair_in_review,
          minmay_slime_entry_oklob_open, basic_altar, uniq_snorg
Orc:1:    layout_caves, mines2_david
Orc:2:    grunt_orc_community_town_hall, layout_caves,
          grunt_orc_community_big_house_2, grunt_orc_community_big_house_1,
          grunt_orc_community_house_2, grunt_orc_community_house_3,
          grunt_orc_community_house_3, grunt_orc_community_house_2,
          grunt_orc_community_house_2, grunt_orc_community_house_3

Notes
Turn   | Place    | Note
-------+----------+-------------------------------------------
     0 | D:1      | agentchuck the Vampire Necromancer began the quest for the
                  | Orb.
     0 | D:1      | Reached XP level 1. HP: 13/13 MP: 3/3
   170 | D:1      | Reached XP level 2. HP: 17/19 MP: 1/5
   373 | D:1      | Reached skill level 4 in Stealth
   822 | D:2      | Reached skill level 5 in Necromancy
   822 | D:2      | Gained mutation: You are afflicted with vampirism and can
                  | become a bat while bloodless. [Vampire growth]
   822 | D:2      | Reached XP level 3. HP: 19/24 MP: 4/6
   845 | D:2      | Learned a level 3 spell: Vampiric Draining
   948 | D:2      | Reached skill level 5 in Stealth
   948 | D:2      | Reached XP level 4. HP: 27/30 MP: 1/7
  1171 | D:2      | Found a shadowy altar of Dithmenos.
  1565 | D:2      | Found a faded altar of an unknown god.
  2179 | D:3      | Reached skill level 6 in Stealth
  2240 | D:3      | Reached XP level 5. HP: 33/35 MP: 1/8
  2325 | D:3      | Found a broken altar of Ashenzari.
  3028 | D:3      | Learned a level 2 spell: Slow
  3552 | D:4      | Reached skill level 1 in Slings
  3552 | D:4      | Reached skill level 1 in Hexes
  3771 | D:4      | Reached skill level 7 in Stealth
  3816 | D:4      | Reached XP level 6. HP: 37/41 MP: 6/9
  4430 | D:4      | Reached skill level 2 in Hexes
  4430 | D:4      | Reached skill level 1 in Evocations
  4528 | D:4      | Found an opulent altar of Gozag.
  5024 | D:4      | Reached skill level 8 in Stealth
  5350 | D:5      | Entered Level 5 of the Dungeon
  5485 | D:5      | Noticed a sky beast
  5832 | D:5      | Reached skill level 2 in Slings
  5832 | D:5      | Reached skill level 3 in Hexes
  5832 | D:5      | Reached skill level 2 in Evocations
  5832 | D:5      | Reached XP level 7. HP: 46/46 MP: 10/10
  5841 | D:5      | Found a staircase to the Ecumenical Temple.
  5877 | Temple   | Entered the Ecumenical Temple
  5916 | Temple   | Became a worshipper of Kikubaaqudgha
  6336 | D:5      | Reached skill level 1 in Fighting
  6336 | D:5      | Reached skill level 9 in Stealth
  6339 | D:5      | Reached skill level 4 in Hexes
  6928 | D:6      | Noticed a steam dragon
  6932 | D:6      | Killed a steam dragon
  7045 | D:6      | Reached XP level 8. HP: 52/55 MP: 7/11
  7136 | D:6      | Noticed Sigmund
  7228 | D:5      | Reached skill level 2 in Fighting
  7228 | D:5      | Reached skill level 10 in Stealth
  7404 | D:5      | Reached skill level 3 in Evocations
  7566 | D:6      | Killed Sigmund
  7828 | D:6      | Reached skill level 11 in Stealth
  7961 | D:6      | Reached skill level 3 in Spellcasting
  8044 | D:6      | Found a hide-covered altar of Uskayaw.
  8046 | D:6      | Found a stormy altar of Qazlal.
  8201 | D:7      | Learned a level 4 spell: Cause Fear
  8307 | D:7      | Reached skill level 3 in Fighting
  8307 | D:7      | Reached skill level 5 in Hexes
  8416 | D:7      | Identified the +6 great sword "Teteysos" {flame, rF+ Will-
                  | rCorr Str+2}
  8737 | D:7      | Reached skill level 12 in Stealth
  8955 | D:7      | Reached skill level 6 in Hexes
  8955 | D:7      | Reached XP level 9. HP: 65/65 MP: 13/13
  9118 | D:7      | Found Nunwoef's Antique Weapon Shoppe.
  9406 | D:7      | Learned a level 2 spell: Poisonous Vapours
  9845 | D:8      | Noticed Psyche
  9851 | D:8      | Killed Psyche
  9852 | D:8      | Reached skill level 4 in Fighting
  9852 | D:8      | Reached skill level 13 in Stealth
  9915 | D:8      | Noticed a two-headed ogre
 10100 | D:8      | Noticed Maurice
 10181 | D:8      | Found a blossoming altar of Fedhas.
 10201 | D:8      | Killed Maurice
 10202 | D:8      | Reached skill level 1 in Long Blades
 10202 | D:8      | Reached skill level 7 in Hexes
 10219 | D:8      | Reached skill level 3 in Dodging
 10485 | D:8      | Killed a two-headed ogre
 10485 | D:8      | Reached * piety under Kikubaaqudgha
 10485 | D:8      | Identified Kikubaaqudgha's Handbook of Black Arts
                  | (Kikubaaqudgha gifted it to you on level 8 of the Dungeon)
 10485 | D:8      | Received a gift from Kikubaaqudgha
 10486 | D:8      | Reached skill level 2 in Long Blades
 10486 | D:8      | Reached skill level 3 in Slings
 10486 | D:8      | Reached skill level 4 in Dodging
 10486 | D:8      | Reached skill level 8 in Hexes
 10525 | D:8      | Reached skill level 3 in Long Blades
 10655 | D:8      | Reached XP level 10. HP: 36/72 MP: 1/14
 11133 | D:9      | Noticed a two-headed ogre
 11259 | D:9      | Noticed Grum
 11409 | D:9      | Killed Grum
 11723 | D:9      | Killed a two-headed ogre
 11724 | D:9      | Reached skill level 4 in Long Blades
 11724 | D:9      | Reached skill level 4 in Slings
 11724 | D:9      | Reached skill level 5 in Dodging
 11724 | D:9      | Reached skill level 9 in Hexes
 11837 | D:9      | Identified the +7 dagger of Dishonour {vorpal, +Rage
                  | Stlth+}
 11883 | D:9      | Identified the +6 great sword "Mausta" {freeze, rC- Str+4
                  | Int+3 Stlth+}
 12102 | D:9      | Noticed a two-headed ogre
 12755 | D:9      | Found Oliliheext's Antique Armour Shop.
 12763 | D:9      | Bought a pitted leather armour for 189 gold pieces
 12763 | D:9      | Identified the +3 leather armour of Pitt {rN+ Slay+3} (You
                  | bought it in a shop on level 9 of the Dungeon)
 12763 | D:9      | Bought a transparent leather armour for 189 gold pieces
 12763 | D:9      | Identified the +1 leather armour of Vanity {SInv} (You
                  | bought it in a shop on level 9 of the Dungeon)
 12828 | D:9      | Gained mutation: You are partially covered in iridescent
                  | scales. (AC +2) [potion of mutation]
 12875 | D:8      | Reached skill level 10 in Hexes
 12997 | D:8      | Reached skill level 6 in Dodging
 13344 | D:10     | Entered Level 10 of the Dungeon
 13344 | D:10     | Noticed a two-headed ogre
 13457 | D:10     | Found a staircase to the Orcish Mines.
 13499 | D:9      | Killed a two-headed ogre
 13500 | D:9      | Reached skill level 1 in Short Blades
 13500 | D:9      | Reached skill level 6 in Necromancy
 13500 | D:9      | Reached skill level 1 in Air Magic
 13687 | D:10     | Reached skill level 2 in Short Blades
 13687 | D:10     | Reached skill level 2 in Air Magic
 13714 | D:10     | Noticed a gargoyle
 13742 | D:10     | Killed a gargoyle
 13853 | D:10     | Reached XP level 11. HP: 78/78 MP: 15/15
 13871 | D:10     | Reached ** piety under Kikubaaqudgha
 14033 | D:10     | Reached skill level 5 in Fighting
 14264 | D:10     | Reached skill level 3 in Short Blades
 14764 | D:10     | Reached skill level 3 in Air Magic
 14783 | D:10     | Reached skill level 7 in Necromancy
 15010 | Orc:1    | Entered Level 1 of the Orcish Mines
 15011 | Orc:1    | Noticed an orc knight
 15777 | D:10     | Killed an orc knight
 15778 | D:10     | Reached skill level 4 in Short Blades
 16115 | Orc:2    | Entered Level 2 of the Orcish Mines
 16115 | Orc:2    | Found a staircase to the Elven Halls.
 16120 | Orc:2    | Reached *** piety under Kikubaaqudgha
 16120 | Orc:2    | Identified Kikubaaqudgha's Papyrus of Unholy Rituals
                  | (Kikubaaqudgha gifted it to you on level 2 of the Orcish
                  | Mines)
 16120 | Orc:2    | Received a gift from Kikubaaqudgha
 16151 | Orc:2    | Reached skill level 5 in Long Blades
 16381 | Orc:2    | Noticed an orc knight
 16533 | Orc:1    | Killed an orc knight
 16534 | Orc:1    | Reached skill level 4 in Air Magic
 16873 | Orc:2    | Reached skill level 6 in Fighting
 16925 | Orc:2    | Reached skill level 1 in Poison Magic
 16948 | Orc:2    | Reached **** piety under Kikubaaqudgha
 17026 | Orc:2    | Noticed an orc knight
 17532 | Orc:1    | Killed an orc knight
 17848 | Orc:2    | Reached skill level 2 in Poison Magic
 18037 | Orc:2    | Noticed an orc high priest
 18197 | Orc:2    | Reached skill level 6 in Long Blades
 18375 | Orc:1    | Reached skill level 4 in Spellcasting
 18570 | Orc:1    | Killed an orc high priest
 19417 | Orc:2    | Found Ciwiuck's Antique Weapon Shoppe.
 19743 | Orc:2    | Found Met Eteergh's Assorted Antiques.
 19788 | Orc:2    | Bought a scroll of identify for 66 gold pieces
 19788 | Orc:2    | Bought a scroll of identify for 66 gold pieces
 19788 | Orc:2    | Bought a scroll labelled POEREI QIOGINN for 33 gold pieces
 19788 | Orc:2    | Bought 2 scrolls labelled YFIBEC NOAGG for 66 gold pieces
 19788 | Orc:2    | Bought a potion of curing for 99 gold pieces
 19788 | Orc:2    | Bought a wand of flame (15) for 33 gold pieces
 19788 | Orc:2    | Bought a transparent short sword for 264 gold pieces
 19788 | Orc:2    | Identified the +7 short sword of the Peculiar Xeniums
                  | {chaos, rC+ Str+3 Stlth+} (You bought it in a shop on level
                  | 2 of the Orcish Mines)
 19788 | Orc:2    | Bought a fine robe for 188 gold pieces
 19788 | Orc:2    | Identified the +1 robe of Moral Flaws {Harm rF- Int+6} (You
                  | bought it in a shop on level 2 of the Orcish Mines)
 19921 | Orc:2    | Reached ***** piety under Kikubaaqudgha
 20033 | Orc:2    | Reached skill level 3 in Poison Magic
 20187 | Orc:2    | Noticed an orc knight
 20229 | Orc:1    | Killed an orc knight
 20230 | Orc:1    | Reached XP level 12. HP: 79/89 MP: 2/18
 20236 | Orc:1    | Learned a level 5 spell: Borgnjor's Vile Clutch
 20353 | Orc:2    | Noticed an orc warlord
 20463 | Orc:2    | Noticed an orc high priest
 20583 | Orc:2    | Killed an orc high priest
 20703 | Orc:2    | Reached skill level 1 in Earth Magic
 20895 | Orc:2    | Reached skill level 7 in Fighting
 20993 | Orc:2    | Reached skill level 8 in Necromancy
 21002 | Orc:2    | Found Juidderr's Antique Weapon Shoppe.
 21006 | Orc:2    | Found Xuts's Antique Armour Emporium.
 21017 | Orc:2    | Bought a helmet for 126 gold pieces
 21357 | D:11     | Found a gate leading to a gauntlet.
 21364 | Gauntlet | Entered a Gauntlet
 21364 | Gauntlet | Found a large runed translucent door.
 21364 | Gauntlet | Found a large runed translucent door.
 21364 | Gauntlet | Found a large runed translucent door.
 21364 | Gauntlet | Found a large runed translucent door.
 21364 | Gauntlet | Found a large runed translucent door.
 21364 | Gauntlet | Found a large runed translucent door.
 21364 | Gauntlet | Found a transporter.
 21364 | Gauntlet | Found a large runed translucent door.
 21364 | Gauntlet | Found a large runed translucent door.
 21364 | Gauntlet | Found a runed translucent door.
 21364 | Gauntlet | Found a runed translucent gate.
 21364 | Gauntlet | Found a runed translucent gate.
 21364 | Gauntlet | Found a transporter.
 21364 | Gauntlet | Found a transporter.
 21374 | Gauntlet | Found a transporter.
 21377 | Gauntlet | Found a transporter.
 21386 | Gauntlet | Found a transporter.
 21388 | Gauntlet | Found a transporter.
 21396 | Gauntlet | Found a transporter.
 21414 | Gauntlet | Found a transporter.
 21420 | Gauntlet | Found a transporter.
 21422 | Gauntlet | Found a transporter.
 21426 | Gauntlet | Noticed a death scarab
 21432 | Gauntlet | Found a transporter.
 21443 | Gauntlet | Noticed a ghost crab
 21483 | Gauntlet | Found a runed translucent gate.
 21484 | Gauntlet | Found a large runed translucent door.
 21484 | Gauntlet | Found a large runed translucent door.
 21485 | Gauntlet | Found a large runed translucent door.
 21486 | Gauntlet | Found a large runed translucent door.
 21487 | Gauntlet | Found a large runed translucent door.
 21487 | Gauntlet | Found a large runed translucent door.
 21487 | Gauntlet | Found a runed translucent door.
 21488 | Gauntlet | Found a large runed translucent door.
 21489 | Gauntlet | Found a large runed translucent door.
 21572 | Gauntlet | Learned a level 4 spell: Dispel Undead
 21578 | Gauntlet | Learned a level 4 spell: Animate Dead
 21789 | Gauntlet | Killed a death scarab
 21790 | Gauntlet | Reached skill level 5 in Spellcasting
 21790 | Gauntlet | Reached skill level 2 in Earth Magic
 21792 | Gauntlet | Reached skill level 7 in Long Blades
 21881 | Gauntlet | Killed a ghost crab
 22049 | Gauntlet | Identified the ring "Wuwujawk" {rC+ Will+ Str+7 Dex-3}
 22049 | Gauntlet | Noticed a minotaur
 22105 | Gauntlet | Killed a minotaur
 22122 | Gauntlet | Identified the +1 halberd "Ullavvis" {venom, *Noise rElec
                  | rPois Str+4}
 22212 | D:11     | Identified a scarf of resistance
 22424 | D:11     | Reached skill level 3 in Earth Magic
 22604 | D:11     | Found a staircase to the Lair.
 22947 | D:11     | Found Xecaiw's Assorted Antiques.
 22970 | D:11     | Bought an orange potion for 25 gold pieces
 22989 | D:11     | Identified the +7 hand crossbow "Tierril" {penet, rElec
                  | Will+ Dex-5}
 23354 | Lair:1   | Entered Level 1 of the Lair of Beasts
 23450 | Lair:1   | Noticed Nergalle
 23461 | Lair:1   | Killed Nergalle
 23462 | Lair:1   | Reached skill level 9 in Necromancy
 23491 | Lair:1   | Reached skill level 6 in Spellcasting
 23724 | Lair:1   | Reached skill level 4 in Earth Magic
 23891 | Lair:1   | Reached skill level 8 in Fighting
 24419 | Lair:2   | Found a dark tunnel.
 24430 | Volcano  | Entered a volcano
 24717 | Lair:2   | Found a staircase to the Snake Pit.
 24740 | Lair:2   | Reached XP level 13. HP: 59/98 MP: 12/22
 25861 | Lair:3   | Reached skill level 8 in Long Blades
 25861 | Lair:3   | Reached skill level 5 in Earth Magic
 26501 | Lair:2   | Reached skill level 7 in Spellcasting
 26620 | Lair:2   | Learned a level 5 spell: Borgnjor's Vile Clutch
 26715 | Lair:3   | Reached skill level 10 in Necromancy
 28164 | Lair:4   | Reached skill level 9 in Fighting
 28699 | Lair:4   | Found a staircase to the Swamp.
 28840 | Lair:4   | Found a runed translucent door.
 28842 | Lair:4   | Noticed Zaegoraum's ghost (journeyman DsAK)
 28855 | Lair:4   | Killed Zaegoraum's ghost
 28856 | Lair:4   | Reached skill level 7 in Dodging
 29164 | Lair:4   | Reached skill level 9 in Long Blades
 29983 | Lair:5   | Identified 3 potions of resistance
 30072 | Lair:5   | Reached XP level 14. HP: 70/108 MP: 19/25
 30752 | Lair:6   | Entered Level 6 of the Lair of Beasts
 30752 | Lair:6   | Found a staircase to the Slime Pits.
 30948 | Lair:5   | Reached skill level 8 in Spellcasting
 31188 | Lair:5   | Reached skill level 11 in Necromancy
 31315 | Lair:6   | Found a radiant altar of Vehumet.
 31353 | Lair:6   | Reached skill level 8 in Dodging
 31415 | Lair:6   | Noticed Snorg
 31442 | Lair:6   | Killed Snorg
 31751 | Lair:6   | Found a runed translucent door.
 32514 | Lair:6   | Reached skill level 10 in Fighting
 32601 | Lair:6   | Reached skill level 10 in Long Blades
 33469 | Lair:6   | Reached skill level 9 in Dodging
 33744 | Lair:6   | Reached skill level 9 in Spellcasting
 34339 | Lair:6   | Identified a scroll of acquirement
 34339 | Lair:6   | Acquired the Compendium of the Blaze and Summoning
 34739 | D:12     | Found Logoxes's Jewellery Shoppe.
 34967 | D:12     | Reached ****** piety under Kikubaaqudgha
 35018 | D:12     | Reached XP level 15. HP: 108/117 MP: 19/28
 35189 | D:13     | Found a blossoming altar of Fedhas.
 35498 | D:13     | Reached skill level 12 in Necromancy
 36490 | D:14     | HP: 11/117 [centaur/arrow[a centaur warrior] (4)]
 36490 | D:14     | HP: 5/117 [centaur/arrow[a centaur warrior] (5)]
 36490 | D:14     | Shot with an arrow by a centaur

Vanquished Creatures
  A minotaur (Gauntlet)
  Snorg (Lair:6)
  A fire dragon (Lair:6)
  The ghost of Zaegoraum the Carver, a journeyman DsAK of Lugonu (Lair:4)
  3 boulder beetles
  8 hydras
  A ghost crab (Gauntlet)
  A centaur warrior (D:13)
  4 two-headed ogres
  3 catoblepae
  A death scarab (Gauntlet)
  2 orc high priests
  Nergalle (Lair:1)
  4 orc knights
  A deep elf pyromancer (D:12)
  3 lindwurms (Lair:6)
  7 oklob plants
  An orc sorcerer (Orc:2)
  6 cyclopes
  3 ugly things
  4 manticores
  A will-o-the-wisp (Lair:3)
  Maurice (D:8)
  6 torpor snails (Lair:6)
  4 black mambas
  23 elephants
  4 centaur zombies
  3 gargoyles
  8 cane toads
  A molten gargoyle (Volcano)
  Psyche (D:8)
  2 unseen horrors (D:13)
  A minotaur zombie (Gauntlet)
  12 komodo dragons
  2 rime drakes (Lair:6)
  6 trolls
  A polar bear (Lair:5)
  4 tyrant leeches (Lair:6)
  8 hornets (Lair:6)
  10 blink frogs
  3 slime creatures (D:13)
  Sigmund (D:6)
  A spectral black mamba (Gauntlet)
  2 shadows
  2 wraiths
  41 yaks
  6 wyverns
  3 fire elementals (Volcano)
  3 basilisks (Lair:6)
  4 steam dragons
  Grum (D:9)
  5 wargs
  11 vampire mosquitoes
  An acid dragon (Gauntlet)
  3 nagas (Lair:2)
  14 water moccasins
  2 swamp drakes (Lair:4)
  36 orc warriors
  A sky beast (D:5)
  2 black bears
  An ice beast (D:8)
  3 necrophages
  3 ogres
  6 centaurs
  9 wolves
  A phantom (D:7)
  3 kobold brigands
  3 bullfrogs
  2 gnoll sergeants (D:7)
  A scorpion (D:6)
  A wyvern zombie (D:6)
  9 killer bees
  An electric eel (Lair:4)
  4 howler monkeys
  A hound (D:4)
  A jelly (D:2)
  15 orc priests
  2 bullfrog skeletons (D:4)
  2 iguanas
  37 orc wizards
  A hound zombie (D:5)
  3 howler monkey zombies
  11 gnolls
  6 adders
  2 ufetubi
  An adder skeleton (D:4)
  3 worms
  4 dart slugs
  113 orcs
  8 endoplasms
  5 giant cockroaches
  12 goblins
  6 hobgoblins
  19 jackals
  3 quokkas
  6 ball pythons
  11 bats
  3 frilled lizards
  12 kobolds
  3 rats
634 creatures vanquished.

Vanquished Creatures (collateral kills)
  An oklob plant (Gauntlet)
  A minotaur zombie (Gauntlet)
  An acid dragon (Gauntlet)
3 creatures vanquished.

Vanquished Creatures (others)
  A bullfrog skeleton (D:6)
  An orc wizard (Orc:1)
  A kobold (D:3)
  10 foxfires
  20 fungi
  47 plants
80 creatures vanquished.

Grand Total: 717 creatures vanquished

Table legend: (Time is in decaauts)
 A = Elapsed time spent in this place.
 B = Non-inter-level travel time spent in this place.
 C = Inter-level travel time spent in this place.
 D = Time resting spent in this place.
 E = Time spent auto-exploring this place.
 F = Levels seen in this place.
 G = Mean time per level.
                   A        B        C        D        E       F      G
               +--------+--------+--------+--------+--------+-----+--------+
         Total |  36747 |  34646 |   2101 |  13396 |  10060 |  25 | 1469.9 |
       Dungeon |  19101 |  18109 |    992 |   6296 |   6737 |  14 | 1364.4 |
        Temple |     78 |     41 |     37 |      0 |     36 |   1 |   78.0 |
          Lair |  11012 |  10161 |    851 |   4131 |   2470 |   6 | 1835.3 |
  Orcish Mines |   5558 |   5338 |    220 |   2672 |    671 |   2 | 2779.0 |
       Volcano |    207 |    207 |      0 |      0 |      0 |   1 |  207.0 |
      Gauntlet |    788 |    788 |      0 |    296 |    145 |   1 |  788.0 |
               +--------+--------+--------+--------+--------+-----+--------+

Top non-repeatable levels by time:
   Orc:2: 3512 daAuts
  Lair:6: 3259 daAuts
    D:10: 2303 daAuts
     D:4: 2229 daAuts
  Lair:2: 2078 daAuts
     D:8: 2055 daAuts
   Orc:1: 2046 daAuts
  Lair:3: 1916 daAuts
     D:5: 1759 daAuts
     D:9: 1688 daAuts
  Lair:5: 1618 daAuts
     D:7: 1521 daAuts
  Lair:4: 1414 daAuts
     D:2: 1299 daAuts
     D:3: 1284 daAuts

Table legend:
 A = Non-vault XP
 B = Vault XP
 C = Vault XP percentage of total XP
 D = Non-vault monster count
 E = Vault monster count
 F = Vault count percentage of total count
                 A         B        C        D         E       F
            +---------+---------+-------+---------+---------+-------
      Total |   71993 |   41119 |  36.4 |     448 |     190 |  29.8
            +---------+---------+-------+---------+---------+-------
        D:1 |      38 |       0 |   0.0 |      23 |       0 |   0.0
        D:2 |      95 |      23 |  19.5 |      22 |       5 |  18.5
        D:3 |      90 |      39 |  30.2 |      23 |      13 |  36.1
        D:4 |     507 |       0 |   0.0 |      22 |       0 |   0.0
        D:5 |     646 |       0 |   0.0 |      11 |       0 |   0.0
        D:6 |     466 |     199 |  29.9 |      13 |       1 |   7.1
        D:7 |    1077 |       0 |   0.0 |      17 |       0 |   0.0
        D:8 |    2316 |    1120 |  32.6 |      20 |       4 |  16.7
        D:9 |    2843 |     287 |   9.2 |      13 |       3 |  18.8
       D:10 |    4219 |     172 |   3.9 |      44 |       8 |  15.4
       D:11 |    3652 |     596 |  14.0 |      14 |       8 |  36.4
       D:12 |    5532 |       0 |   0.0 |      18 |       0 |   0.0
       D:13 |    6356 |    1285 |  16.8 |      17 |       2 |  10.5
       D:14 |    2405 |       0 |   0.0 |       6 |       0 |   0.0
     Lair:1 |    2313 |     800 |  25.7 |      11 |       1 |   8.3
     Lair:2 |    5189 |    2762 |  34.7 |      22 |       8 |  26.7
     Lair:3 |    6391 |    1672 |  20.7 |      19 |       3 |  13.6
     Lair:4 |    5521 |    2687 |  32.7 |      16 |       6 |  27.3
     Lair:5 |    9209 |       0 |   0.0 |      25 |       0 |   0.0
     Lair:6 |    8855 |   18436 |  67.6 |      26 |      41 |  61.2
      Orc:1 |    1784 |    2501 |  58.4 |      24 |      10 |  29.4
      Orc:2 |    2489 |    3705 |  59.8 |      42 |      64 |  60.4
    Volcano |       0 |     995 | 100.0 |       0 |       4 | 100.0
   Gauntlet |       0 |    3840 | 100.0 |       0 |       9 | 100.0
            +---------+---------+-------+---------+---------+-------
